 Dungeon Crawl Stone Soup version 0.30.1-11-g7821555f0a (webtiles) character file.

Game seed: 15097443567648122209

128 Martska the Trooper (level 5, -15/50 (55) HPs)
             Began as an Ogre Gladiator on Dec 8, 2023.
             Killed from afar by Ijyb (18 damage)
             ... with a bolt of dispelling energy
             ... on level 3 of the Dungeon.
             The game lasted 00:02:30 (2518 turns).

Martska the Trooper (Ogre Gladiator)                Turns: 2518, Time: 00:02:30

HP:   -15/50 (55)   AC:  7    Str: 20    XL:     5   Next: 11%
MP:   5/5           EV: 11    Int:  9    God:
Gold: 66            SH:  0    Dex: 16    Spells: 4/4 levels left

rFire   . . .        a - +0 flail
rCold   . . .        (no shield)
rNeg    . . .        b - +0 robe
rPois   .            c - +0 hat
rElec   .            (no cloak)
rCorr   .            (gloves unavailable)
SInv    .            (boots unavailable)
Will    .....        (no amulet)
Stlth   +            j - +4 ring of protection
HPRegen 0.28/turn    o - +6 ring of dexterity
MPRegen 0.09/turn

%: no passive effects
@: drained
A: large, unfitting armour, tough skin 1
a: no special abilities


You were on level 3 of the Dungeon.
You visited 1 branch of the dungeon, and saw 3 of its levels.

You collected 66 gold pieces.

Inventory:

Hand Weapons
 a - a +0 flail (weapon)
Missiles
 d - 3 throwing nets (quivered)
Armour
 b - a +0 robe (worn)
 c - a +0 hat (worn)
Jewellery
 j - a +4 ring of protection (left hand)
 o - a +6 ring of dexterity (right hand)
 u - a ring of protection from fire
Scrolls
 g - a scroll of silence {unknown}
 h - 3 scrolls of fog {unknown}
 i - a scroll of immolation {unknown}
 l - a scroll of vulnerability {unknown}
 n - 5 scrolls of identify {unknown}
 s - a scroll of enchant armour {unknown}
 t - 2 scrolls of teleportation {unknown}
Potions
 f - 2 potions of curing {unknown}
 k - 3 potions of degeneration {unknown}
 m - a potion of mutation {unknown}
 p - a potion of ambrosia {unknown}
 q - a potion of lignification {unknown}
 r - 2 potions of flight {unknown}


   Skills:
 * Level 4.7 Fighting
 * Level 3.8 Maces & Flails
 - Level 2.0 Throwing
 + Level 3.3 Dodging


You had 4 spell levels left.
You didn't know any spells.
Your spell library contained the following spells:

 Spells                   Type           Power      Damage    Failure   Level
 Magic Dart               Conj           0%         1d3       38%         1
 Call Imp                 Summ           0%         N/A       52%         2
 Mephitic Cloud           Conj/Pois/Air  0%         N/A       77%         3


Dungeon Overview and Level Annotations

Branches:
Dungeon (3/15)

Altars:
Yredelemnul

Shops:
D:1 [

Annotations:
D:3 Ijyb


Innate Abilities, Weirdness & Mutations

You are too large for most types of armour.
You have tough skin. (AC +1)


Message History

You climb downwards.
Level annotation: Ijyb The orc throws a boomerang.
The boomerang barely misses you.
There is a stone staircase leading up here.
The orc throws a boomerang.
The boomerang hits you but does no damage.
The orc hits you but does no damage.
You barely miss the orc. The orc hits you but does no damage.
You hit the orc but do no damage. The orc barely misses you.
You closely miss the orc. The orc hits you with a +0 club.
You hit the orc.
The orc is severely wounded.
Ijyb hits you with a +0 club. The orc hits you but does no damage.
You sock the orc!
You kill the orc!
Ijyb barely misses you. Ijyb closely misses you.
You closely miss Ijyb. Ijyb barely misses you.
You hit Ijyb.
Ijyb is moderately wounded.
Ijyb hits you with a +0 club.
You hit Ijyb.
Ijyb is heavily wounded.
Ijyb hits you with a +0 club.
You closely miss Ijyb.
Ijyb is heavily wounded.
Ijyb hits you with a +0 club.
You barely miss Ijyb.
Ijyb is heavily wounded.
Ijyb hits you with a +0 club.
Ijyb zaps a wand.
The bolt of dispelling energy hits you!
You barely miss Ijyb.
Ijyb is heavily wounded.
Ijyb zaps a wand.
The bolt of dispelling energy hits you!!
* * * LOW HITPOINT WARNING * * *
You hit Ijyb.
Ijyb is severely wounded.
Ijyb zaps a wand.
The bolt of dispelling energy hits you!!
You die...

#...#.....?...
.####...#.#.......
..........##...#.#
#####...## #.## #S..#
(.. #...####..##
#.........#
#######...####..#
#<..@)..........#
.=.........g..........##
#.#.###.................
#######...####.###
#........# #...######
#...# #...# ###
#...#######


You could see Ijyb.

Vanquished Creatures
  Jessica (D:2)
  5 adders (D:2)
  A worm (D:2)
  3 dart slugs
  An orc (D:3)
  4 ball pythons
  4 endoplasms
  2 giant cockroaches (D:2)
  2 goblins
  3 hobgoblins
  6 jackals
  8 kobolds
  A quokka (D:1)
  2 bats (D:1)
  2 rats
45 creatures vanquished.

Notes
Turn   | Place    | Note
-------+----------+-------------------------------------------
     0 | D:1      | Martska the Ogre Gladiator began the quest for the Orb.
     0 | D:1      | Reached XP level 1. HP: 22/22 MP: 1/1
   117 | D:1      | Reached skill level 3 in Fighting
   282 | D:1      | Found Nipoloy's Armour Emporium.
   379 | D:1      | Reached XP level 2. HP: 31/31 MP: 2/2
   852 | D:1      | Reached XP level 3. HP: 37/37 MP: 3/3
  1303 | D:2      | Reached skill level 4 in Fighting
  1303 | D:2      | Reached XP level 4. HP: 39/48 MP: 4/4
  1400 | D:2      | Found a faded altar of an unknown god.
  1914 | D:2      | Found a basalt altar of Yredelemnul.
  1979 | D:2      | Noticed Jessica
  1992 | D:2      | Killed Jessica
  2328 | D:3      | Noticed Ijyb
  2355 | D:2      | Reached XP level 5. HP: 14/49 MP: 5/5
  2518 | D:3      | Killed from afar by Ijyb

Illustrated notes

Levels and vault maps discovered:
D:1:      shiori_shiawase, layout_loops_corners, serial_shops, shop
D:2:      layout_basic, dreamdust_ecumenical_altar_statues, basic_altar,
          patterned_corridor, uniq_jessica
D:3:      layout_loops_cross, goddamned_bats, uniq_grinder, uniq_terence,
          uniq_ijyb

Skill      XL: |  1  2  3 |
---------------+----------+-----
Fighting       | 3 4 |  4.7
Maces & Flails | 3 |  3.8
Dodging        | 3 |  3.3
Throwing       | |  2.0

Action                     |  1- 3 |  4- 6 || total
---------------------------+-------+-------++-------
  Melee: Flail             |   123 |    60 ||   183
  Throw: Large rock        |       |     1 ||     1
   Stab: Sleeping          |     2 |     2 ||     4
         Distracted        |     1 |       ||     1
 Armour: Robe              |    99 |    35 ||   134
  Dodge: Dodged            |   116 |    34 ||   150
